 Dungeon Crawl Stone Soup version 0.30-a0-365-ge7f957f1db (webtiles) character file.

Game seed: 17295909338648554550

60 koil the Ruffian (level 3, -6/54 HPs)
             Began as a Troll Berserker on Nov 17, 2022.
             Was a Believer of Trog.
             Mangled by Crazy Yiuf
             ... wielding a +2 quarterstaff of chaos
              (11 damage)
             ... while paralysed by Crazy Yiuf
             ... on level 2 of the Dungeon.
             The game lasted 00:03:00 (1051 turns).

koil the Ruffian (Troll Berserker)                  Turns: 1051, Time: 00:03:01

Health: -6/54      AC:  4    Str: 27    XL:     3   Next: 80%
Magic:  0/2        EV:  1    Int:  3    God:    Trog [**....]
Gold:   47         SH:  0    Dex:  9    Spells: 2/2 levels left

rFire   . . .      SeeInvis .      - Unarmed
rCold   . . .      Faith    .    (no shield)
rNeg    . . .      Spirit   .    a - +0 animal skin
rPois   .          Reflect  .    (helmet restricted)
rElec   .          Harm     .    (no cloak)
rCorr   .          Rampage  .    (gloves unavailable)
Will    .....                    (boots unavailable)
Stlth   ..........               (no amulet)
HPRegen 1.09/turn                (no ring)
MPRegen 0.08/turn                (no ring)

@: paralysed, berserking
A: large, unfitting armour, claws 3, regeneration 1, shaggy fur 1, tough skin 1
a: Renounce Religion, Berserk, Trog's Hand


You were on level 2 of the Dungeon.
You worshipped Trog.
Trog was pleased with you.
You visited 1 branch of the dungeon, and saw 2 of its levels.

You collected 47 gold pieces.

Inventory:

Missiles
 h - 8 poisoned darts (quivered)
Armour
 a - a +0 animal skin (worn)
Jewellery
 d - a ring of magical power
Scrolls
 b - 2 scrolls of teleportation {unknown}
 e - a scroll of immolation {unknown}
 f - a scroll of identify {unknown}
 g - a scroll of silence {unknown}
Potions
 c - a potion of brilliance {unknown}
 i - a potion of might {unknown}


   Skills:
 + Level 2.8 Fighting
 + Level 1.1 Armour
 + Level 2.9 Dodging
 + Level 3.5 Unarmed Combat


You had 2 spell levels left.
You didn't know any spells.
Your spell library was empty.

Dungeon Overview and Level Annotations

Branches:
Dungeon (2/15)

Altars:

Shops:
D:2 ![[=*

Annotations:
D:2 Crazy Yiuf


Innate Abilities, Weirdness & Mutations

You are too large for most types of armour.
You have claws for hands.
Your natural rate of healing is unusually fast.
You are covered in fur. (AC +1)
You have tough skin. (AC +1)


Message History

You kill the adder!
Trog accepts your kill.
No target in view!
No target in view!
There is an entrance to Ciaxt's Jewellery Shop here.
You can access your shopping list by pressing '$'.
Unknown command.
i - a clear potion You see here a Trismegistus Codex.
Found a hammer.
Found a runed translucent door.
Found a stone staircase leading up.
There is a stone staircase leading up here.
Found Riojuw's Assorted Antiques.
h - 8 poisoned darts (gained 4)
There is an entrance to Riojuw's Assorted Antiques here.
You see here a +0 chain mail.
There is a stone staircase leading up here.
There is an open door here.
There is an open door here.
A red film seems to cover your vision as you go berserk!
You feel yourself moving faster!
You feel mighty!
Crazy Yiuf shouts!
The door flies open with a bang!
You feel a strong urge to attack something.
You barely miss Crazy Yiuf.
Crazy Yiuf hits you with a +2 quarterstaff of chaos!
You closely miss Crazy Yiuf. Your claw misses Crazy Yiuf. You claw Crazy Yiuf!
Crazy Yiuf is almost dead.
Crazy Yiuf hits you with a +2 quarterstaff of chaos.
You suddenly lose the ability to move!
Crazy Yiuf hits you with a +2 quarterstaff of chaos!
Crazy Yiuf hits you with a +2 quarterstaff of chaos.
Space warps around you.
* * * LOW HITPOINT WARNING * * *
Crazy Yiuf hits you with a +2 quarterstaff of chaos!
* * * LOW HITPOINT WARNING * * *
You feel your power leaking away.
Crazy Yiuf hits you with a +2 quarterstaff of chaos!
You die...

##### #)..# #...# ...
#g# ♣@♣♣ ♣♣.♣ ♣.♣♣ ♣♣.♣
♣♣.♣♣ #### ♣♣...♣
######## ##### #..#
♣....♣ ####......# ....#
#..# #....# #.........#
.##.#
#..####....#######.....#


You could see Crazy Yiuf.

Vanquished Creatures
  2 adders (D:2)
  A dart slug (D:2)
  4 ball pythons
  5 bats
  2 endoplasms
  4 goblins (D:1)
  7 hobgoblins
  A quokka (D:2)
  A frilled lizard (D:1)
  5 kobolds
  5 rats
  A fungus (D:2)
38 creatures vanquished.

Notes
Turn   | Place    | Note
-------+----------+-------------------------------------------
     0 | D:1      | koil the Troll Berserker began the quest for the Orb.
     0 | D:1      | Reached XP level 1. HP: 22/22 MP: 0/0
    53 | D:1      | Reached XP level 2. HP: 26/29 MP: 1/1
   193 | D:1      | Reached ** piety under Trog
   513 | D:2      | Reached XP level 3. HP: 29/36 MP: 2/2
   526 | D:2      | Found Qyonkupn's Armour Shoppe.
   542 | D:2      | Reached skill level 1 in Armour
   669 | D:2      | Found a faded altar of an unknown god.
   696 | D:2      | Found Mepu's Armour Emporium.
   712 | D:2      | Found Bemes's Distillery.
   777 | D:2      | Found Ciaxt's Jewellery Shop.
   888 | D:2      | Found a runed translucent door.
   889 | D:2      | Noticed Crazy Yiuf
   940 | D:2      | Found Riojuw's Assorted Antiques.
  1047 | D:2      | Paralysed by Crazy Yiuf for 4 turns
  1050 | D:2      | HP: 4/54 [Crazy Yiuf/+2 quarterstaff of chaos (11)]
  1051 | D:2      | Mangled by Crazy Yiuf

Illustrated notes

Levels and vault maps discovered:
D:1:      psy_arrival_radial01, layout_rooms
D:2:      layout_rooms, shapermc_ecumenical_altar_mp_urbaneastern, serial_shops,
          nicolae_square_shop, nicolae_lakefront_shop,
          nicolae_shop_behind_doors, shop_statue, shop, uniq_crazy_yiuf_cottage

Skill      XL: |  1  2  3 |
---------------+----------+-----
Armour         | 1 |  1.1
Fighting       | |  2.8
Dodging        | |  2.9
Unarmed Combat | |  3.5

Action                   || total
-------------------------++-------
Melee: Unarmed           ||   104
       Punch             ||     4
Invok: Berserk           ||     1
Armor: Animal skin       ||    48
Dodge: Dodged            ||    68

Table legend: (Time is in decaauts)
 A = Elapsed time spent in this place.
 B = Non-inter-level travel time spent in this place.
 C = Inter-level travel time spent in this place.
 D = Time resting spent in this place.
 E = Time spent auto-exploring this place.
 F = Levels seen in this place.
 G = Mean time per level.
                   A        B        C        D        E       F      G
               +--------+--------+--------+--------+--------+-----+--------+
         Total |   1043 |   1031 |     12 |      0 |    816 |   2 |  521.5 |
       Dungeon |   1043 |   1031 |     12 |      0 |    816 |   2 |  521.5 |
               +--------+--------+--------+--------+--------+-----+--------+

Top non-repeatable levels by time:
     D:2: 543 daAuts
     D:1: 500 daAuts
